TOP OF THE 1ST |
Syracuse Chiefs batting - Pitching for Colorado Springs Sky Sox : LHP Tristan Morrow
|
Pitching: LHP Tristan Morrow
|
|
Batting: RHB Niek de Haan
|
0-0: Foul Ball, location: 2F 0-1: Ball 1-1: Called Strike 1-2: Ball 2-2: Ball 3-2: Fly out, F3 (Popup, 23F, EV 80.0 MPH)
|
Batting: RHB Donovan Auclair
|
0-0: Ball 1-0: Foul Ball, location: 2F 1-1: Called Strike 1-2: Ball 2-2: Ground out 1-3 (Groundball, 13, EV 68.8 MPH)
|
Batting: SHB Alex Ethridge
|
0-0: Called Strike 0-1: Fly out, F4 (Line Drive, 4, EV 70.6 MPH)
|
Top of the 1st over - 0 runs, 0 hits, 0 errors, 0 left on base; Syracuse 0 - Colorado Springs 0 |
BOTTOM OF THE 1ST |
Colorado Springs Sky Sox batting - Pitching for Syracuse Chiefs : LHP Brian Walters
|
Pitching: LHP Brian Walters
|
|
Batting: RHB Orlando Fernandez
|
0-0: Swinging Strike 0-1: SINGLE (Groundball, 56, EV 101.9 MPH) (infield hit)
|
Batting: RHB Justin Williams
|
0-0: Ball Orlando Fernandez steals 2nd, throwing error, E2 Orlando Fernandez to third 1-0: Ground out 6-3 (Groundball, 6, EV 82.5 MPH) Orlando Fernandez scores
|
Batting: RHB Eduardo Camacho
|
0-0: Ball 1-0: Called Strike 1-1: Ball 2-1: Ball 3-1: Swinging Strike 3-2: Strikes out swinging
|
Batting: RHB Sterling Acosta
|
0-0: Called Strike 0-1: Swinging Strike 0-2: Foul Ball, location: 2F 0-2: Foul Ball, location: 2F 0-2: Fly out, F8 (Flyball, 8RS, EV 84.4 MPH)
|
Bottom of the 1st over - 1 run, 1 hit, 1 error, 0 left on base; Syracuse 0 - Colorado Springs 1 |
TOP OF THE 2ND |
Syracuse Chiefs batting - Pitching for Colorado Springs Sky Sox : LHP Tristan Morrow
|
Batting: RHB Rene Montoya
|
0-0: Ball 1-0: Ground out 2-3 (Groundball, 2L, EV 66.9 MPH)
|
Batting: LHB Dana McDonald
|
0-0: Called Strike 0-1: Fly out, F6 (Popup, 6, EV 66.9 MPH)
|
Batting: RHB John McNeill
|
0-0: Ball 1-0: Called Strike 1-1: Foul Ball, location: 2F 1-2: Ball 2-2: Ground out 6-3 (Groundball, 6, EV 87.5 MPH)
|
Top of the 2nd over - 0 runs, 0 hits, 0 errors, 0 left on base; Syracuse 0 - Colorado Springs 1 |
BOTTOM OF THE 2ND |
Colorado Springs Sky Sox batting - Pitching for Syracuse Chiefs : LHP Brian Walters
|
Batting: LHB Tony Ponce
|
0-0: Foul Ball, location: 2F 0-1: Ball 1-1: Foul Ball, location: 2F 1-2: Ball 2-2: Strikes out swinging
|
Batting: RHB George Lundy
|
0-0: Ball 1-0: Fly out, F5 (Flyball, 5D, EV 92.5 MPH)
|
Batting: LHB Robert Watson
|
0-0: Fly out, F4 (Flyball, 3D, EV 86.2 MPH)
|
Bottom of the 2nd over - 0 runs, 0 hits, 0 errors, 0 left on base; Syracuse 0 - Colorado Springs 1 |
TOP OF THE 3RD |
Syracuse Chiefs batting - Pitching for Colorado Springs Sky Sox : LHP Tristan Morrow
|
Batting: RHB Chris Pynn
|
0-0: Called Strike 0-1: Swinging Strike 0-2: Ball 1-2: Strikes out looking
|
Batting: LHB Erik Beezley
|
0-0: Ball 1-0: Foul Ball, location: 2F 1-1: SINGLE (Line Drive, 7S, EV 94.4 MPH)
|
Batting: LHB Shinji Adachi
|
0-0: Ball 1-0: Ball 2-0: Foul Ball, location: 2F 2-1: Ball 3-1: Base on Balls Erik Beezley to second
|
Batting: RHB Niek de Haan
|
0-0: Ball 1-0: Ball 2-0: Called Strike 2-1: Grounds into double play, 5-4-3 (Groundball, 56, EV 80.0 MPH)
|
Top of the 3rd over - 0 runs, 1 hit, 0 errors, 1 left on base; Syracuse 0 - Colorado Springs 1 |
BOTTOM OF THE 3RD |
Colorado Springs Sky Sox batting - Pitching for Syracuse Chiefs : LHP Brian Walters
|
Batting: RHB Fu-Kang Duan
|
0-0: Ball 1-0: Called Strike 1-1: Ball 2-1: Ground out 6-3 (Groundball, 6, EV 83.8 MPH)
|
Batting: RHB R.J. Anchondo
|
0-0: Ball 1-0: Called Strike 1-1: Swinging Strike 1-2: Strikes out swinging
|
Batting: RHB Orlando Fernandez
|
0-0: Foul Ball, location: 2F 0-1: Fly out, F8 (Line Drive, 8LM, EV 94.4 MPH)
|
Bottom of the 3rd over - 0 runs, 0 hits, 0 errors, 0 left on base; Syracuse 0 - Colorado Springs 1 |
TOP OF THE 4TH |
Syracuse Chiefs batting - Pitching for Colorado Springs Sky Sox : LHP Tristan Morrow
|
Batting: RHB Donovan Auclair
|
0-0: Foul Ball, location: 2F 0-1: Ground out 6-3 (Groundball, 56, EV 88.8 MPH)
|
Batting: SHB Alex Ethridge
|
0-0: Ball 1-0: SINGLE (Groundball, 34, EV 98.8 MPH)
|
Batting: RHB Rene Montoya
|
0-0: Called Strike 0-1: Ball 1-1: Grounds into double play, 6-4-3 (Groundball, 6, EV 81.9 MPH)
|
Top of the 4th over - 0 runs, 1 hit, 0 errors, 0 left on base; Syracuse 0 - Colorado Springs 1 |
BOTTOM OF THE 4TH |
Colorado Springs Sky Sox batting - Pitching for Syracuse Chiefs : LHP Brian Walters
|
Batting: RHB Justin Williams
|
0-0: Ground out 6-3 (Groundball, 6S, EV 88.1 MPH)
|
Batting: RHB Eduardo Camacho
|
0-0: Ball 1-0: Called Strike 1-1: Ball 2-1: SINGLE (Line Drive, 9S, EV 113.1 MPH)
|
Batting: RHB Sterling Acosta
|
0-0: Ball 1-0: Called Strike 1-1: Ball 2-1: Foul Ball, location: 2F 2-2: Strikes out swinging
|
Batting: LHB Tony Ponce
|
0-0: Ball 1-0: Ball 2-0: Called Strike 2-1: Foul Ball, location: 2F 2-2: Foul Ball, location: 2F 2-2: Foul Ball, location: 2F 2-2: Foul Ball, location: 2F 2-2: Ball 3-2: Foul Ball, location: 2F 3-2: Foul Ball, location: 2F 3-2: Foul Ball, location: 2F 3-2: Strikes out swinging
|
Bottom of the 4th over - 0 runs, 1 hit, 0 errors, 1 left on base; Syracuse 0 - Colorado Springs 1 |
TOP OF THE 5TH |
Syracuse Chiefs batting - Pitching for Colorado Springs Sky Sox : LHP Tristan Morrow
|
Batting: LHB Dana McDonald
|
0-0: Ground out U3 (Groundball, 13, EV 85.6 MPH)
|
Batting: RHB John McNeill
|
0-0: Fly out, F9 (Line Drive, 9D, EV 88.8 MPH)
|
Batting: RHB Chris Pynn
|
0-0: Ground out 4-3 (Groundball, 34D, EV 100.6 MPH)
|
Top of the 5th over - 0 runs, 0 hits, 0 errors, 0 left on base; Syracuse 0 - Colorado Springs 1 |
BOTTOM OF THE 5TH |
Colorado Springs Sky Sox batting - Pitching for Syracuse Chiefs : LHP Brian Walters
|
Batting: RHB George Lundy
|
0-0: Swinging Strike 0-1: Fly out, F9 (Flyball, 9, EV 95.0 MPH)
|
Batting: LHB Robert Watson
|
0-0: Swinging Strike 0-1: Swinging Strike 0-2: Ball 1-2: Ball 2-2: Strikes out swinging
|
Batting: RHB Fu-Kang Duan
|
0-0: Ball 1-0: Foul Ball, location: 2F 1-1: Swinging Strike 1-2: Foul Ball, location: 2F 1-2: Foul Ball, location: 2F 1-2: Ball 2-2: Strikes out swinging
|
Bottom of the 5th over - 0 runs, 0 hits, 0 errors, 0 left on base; Syracuse 0 - Colorado Springs 1 |
TOP OF THE 6TH |
Syracuse Chiefs batting - Pitching for Colorado Springs Sky Sox : LHP Tristan Morrow
|
Batting: LHB Erik Beezley
|
0-0: Called Strike 0-1: Foul Ball, location: 2F 0-2: Foul Ball, location: 2F 0-2: Ball 1-2: Ball 2-2: Ball 3-2: Strikes out swinging
|
Batting: LHB Shinji Adachi
|
0-0: Called Strike 0-1: Ball 1-1: Ball 2-1: Ball 3-1: Ground out 4-3 (Groundball, 4, EV 87.5 MPH)
|
Batting: RHB Niek de Haan
|
0-0: Ball 1-0: Ball 2-0: Foul Ball, location: 2F 2-1: Called Strike 2-2: Ball 3-2: Base on Balls
|
Batting: RHB Donovan Auclair
|
0-0: Ball Niek de Haan steals 2nd base 1-0: Ground out 5-3 (Groundball, 56S, EV 70.0 MPH)
|
Top of the 6th over - 0 runs, 0 hits, 0 errors, 1 left on base; Syracuse 0 - Colorado Springs 1 |
BOTTOM OF THE 6TH |
Colorado Springs Sky Sox batting - Pitching for Syracuse Chiefs : LHP Brian Walters
|
Batting: RHB R.J. Anchondo
|
0-0: Called Strike 0-1: Ball 1-1: Ball 2-1: Foul Ball, location: 2F 2-2: Ball 3-2: Base on Balls
|
Batting: RHB Orlando Fernandez
|
0-0: Called Strike 0-1: Foul Ball, location: 2F 0-2: Ball 1-2: Ball 2-2: Foul Ball, location: 2F 2-2: Foul Ball, location: 2F 2-2: Ball 3-2: Foul Ball, location: 2F 3-2: Base on Balls R.J. Anchondo to second
|
Batting: RHB Justin Williams
|
0-0: Ball 1-0: Ball 2-0: SINGLE (Flyball, 3D, EV 87.5 MPH) R.J. Anchondo to third Orlando Fernandez to second Runner from 3rd tries for Home, throw by RF and OUT! 9-2
|
Batting: RHB Eduardo Camacho
|
0-0: Swinging Strike 0-1: Ball 1-1: Swinging Strike 1-2: Ball 2-2: Foul Ball, location: 2F 2-2: Ball 3-2: Base on Balls Orlando Fernandez to third Justin Williams to second
|
Batting: RHB Sterling Acosta
|
0-0: Foul Ball, location: 2F 0-1: Ball 1-1: Fly out, F7 (Flyball, 78M, EV 88.8 MPH)
|
Pitching: RHP Johnny Marquez
|
|
Batting: LHB Tony Ponce
|
0-0: Ball 1-0: Fly out, F8 (Flyball, 78S, EV 93.1 MPH)
|
Bottom of the 6th over - 0 runs, 1 hit, 0 errors, 3 left on base; Syracuse 0 - Colorado Springs 1 |
TOP OF THE 7TH |
Syracuse Chiefs batting - Pitching for Colorado Springs Sky Sox : LHP Tristan Morrow
|
Batting: SHB Alex Ethridge
|
0-0: Ball 1-0: Ball 2-0: Ground out 6-3 (Groundball, 6, EV 100.0 MPH)
|
Batting: RHB Rene Montoya
|
0-0: Swinging Strike 0-1: Ball 1-1: Called Strike 1-2: Ball 2-2: Strikes out looking
|
Batting: LHB Dana McDonald
|
0-0: Fly out, F5 (Popup, 5F, EV 61.2 MPH)
|
Top of the 7th over - 0 runs, 0 hits, 0 errors, 0 left on base; Syracuse 0 - Colorado Springs 1 |
BOTTOM OF THE 7TH |
Colorado Springs Sky Sox batting - Pitching for Syracuse Chiefs : RHP Johnny Marquez
|
Batting: RHB George Lundy
|
0-0: Ball 1-0: Foul Ball, location: 2F 1-1: Ball 2-1: Fly out, F9 (Flyball, 9, EV 77.5 MPH)
|
Batting: LHB Robert Watson
|
0-0: Ball 1-0: Ball 2-0: Ball 3-0: Called Strike 3-1: Base on Balls
|
Batting: RHB Fu-Kang Duan
|
0-0: Ball Wild Pitch! Robert Watson to second 1-0: Called Strike 1-1: Ball 2-1: Foul Ball, location: 2F 2-2: Foul Ball, location: 2F 2-2: Ground out 5-3 (Groundball, 56, EV 88.1 MPH)
|
Batting: RHB R.J. Anchondo
|
0-0: Called Strike 0-1: Fly out, F8 (Flyball, 8RM, EV 87.5 MPH)
|
Bottom of the 7th over - 0 runs, 0 hits, 0 errors, 1 left on base; Syracuse 0 - Colorado Springs 1 |
TOP OF THE 8TH |
Syracuse Chiefs batting - Pitching for Colorado Springs Sky Sox : LHP Tristan Morrow
|
Now at 1B: Orlando Fernandez
|
|
Now at 2B: Ethan McCullough
|
|
Batting: RHB John McNeill
|
0-0: Swinging Strike 0-1: Ball 1-1: Ball 2-1: Foul Ball, location: 2F 2-2: SINGLE (Groundball, 6MD, EV 101.2 MPH)
|
Batting: RHB Chris Pynn
|
0-0: Called Strike 0-1: Fly out, F7 (Flyball, 7D, EV 103.1 MPH)
|
Batting: LHB Erik Beezley
|
0-0: Ball 1-0: Ball 2-0: Called Strike 2-1: Called Strike 2-2: SINGLE (Groundball, 4D, EV 96.9 MPH) John McNeill to second Runner from 2nd tries for 3rd, OUT! 8-5
|
Batting: RHB Pat Drader
|
0-0: Ball 1-0: Fly out, F1 (Line Drive, P, EV 68.1 MPH)
|
Top of the 8th over - 0 runs, 2 hits, 0 errors, 1 left on base; Syracuse 0 - Colorado Springs 1 |
BOTTOM OF THE 8TH |
Colorado Springs Sky Sox batting - Pitching for Syracuse Chiefs : RHP Johnny Marquez
|
Batting: RHB Orlando Fernandez
|
0-0: Swinging Strike 0-1: Called Strike 0-2: Ball 1-2: Ball 2-2: Strikes out swinging
|
Batting: RHB Justin Williams
|
0-0: Called Strike 0-1: Ball 1-1: Ball 2-1: Foul Ball, location: 2F 2-2: Fly out, F8 (Flyball, 8RM, EV 85.6 MPH)
|
Batting: RHB Eduardo Camacho
|
0-0: Ball 1-0: Foul Ball, location: 2F 1-1: Foul Ball, location: 2F 1-2: Foul Ball, location: 2F 1-2: Strikes out looking
|
Bottom of the 8th over - 0 runs, 0 hits, 0 errors, 0 left on base; Syracuse 0 - Colorado Springs 1 |
TOP OF THE 9TH |
Syracuse Chiefs batting - Pitching for Colorado Springs Sky Sox : LHP Tristan Morrow
|
Pitching: LHP Steve Ransom
|
|
Batting: RHB Niek de Haan
|
0-0: Ball 1-0: Ball 2-0: Ground out 4-3 (Groundball, 13, EV 80.6 MPH)
|
Batting: RHB Donovan Auclair
|
0-0: Called Strike 0-1: Foul Ball, location: 2F 0-2: Ball 1-2: Fly out, F3 (Line Drive, 3, EV 70.6 MPH)
|
Batting: SHB Alex Ethridge
|
0-0: Ball 1-0: Called Strike 1-1: DOUBLE (Line Drive, 78XD, EV 106.9 MPH)
|
Batting: RHB Rene Montoya
|
0-0: Swinging Strike 0-1: Ball 1-1: Called Strike 1-2: Ball 2-2: Ball 3-2: Strikes out swinging
|
Top of the 9th over - 0 runs, 1 hit, 0 errors, 1 left on base; Syracuse 0 - Colorado Springs 1 |
|